 Dungeon Crawl Stone Soup version 0.26-a0-835-g8259106e14 (webtiles) character file.

Game seed: 7781454132169352437

42 kreisler the Vexing (level 3, -3/28 HPs)
             Began as a Gnoll Arcane Marksman on Nov 17, 2020.
             Slain by a gnoll
             ... wielding a cursed +0 spear
              (7 damage)
             ... on level 2 of the Dungeon.
             The game lasted 00:05:00 (740 turns).

kreisler the Vexing (Gnoll Arcane Marksman)          Turns: 740, Time: 00:05:01

Health: -3/28      AC:  2    Str: 12    XL:     3   Next: 54%
Magic:  7/7        EV: 15    Int: 15    God:
Gold:   23         SH:  0    Dex: 16    Spells: 6/7 levels left

rFire    . . .     SeeInvis .   b - +0 dagger (venom)
rCold    . . .     Faith    .   (no shield)
rNeg     . . .     Spirit   .   e - +0 robe
rPois    .         Reflect  .   (no helmet)
rElec    .         Harm     .   (no cloak)
rCorr    .         Rampage  .   (no gloves)
MR       .....                  (no boots)
Stlth    ++........             (no amulet)
HPRegen  0.09/turn              (no ring)
MPRegen  0.10/turn              (no ring)

@: hasted, very quick
A: distributed training, fangs 1, strong nose
a: no special abilities


You were on level 2 of the Dungeon.
You visited 1 branch of the dungeon, and saw 2 of its levels.

You collected 23 gold pieces.

Inventory:

Hand Weapons
 a - a +0 shortbow
 b - a +0 dagger of venom (weapon)
Missiles
 d - 16 arrows
Armour
 e - a +0 robe (worn)
 k - a cursed +0 robe
Jewellery
 h - a +6 ring of strength {unknown}
Scrolls
 c - a scroll of teleportation
 i - 2 scrolls of fear
Potions
 f - a potion of heal wounds
 j - 2 potions of haste
 l - a potion of curing


   Skills:
 + Level 2.6 Fighting
 + Level 0.8 Short Blades
 + Level 0.8 Long Blades
 + Level 0.8 Axes
 + Level 0.8 Maces & Flails
 + Level 0.8 Polearms
 + Level 0.8 Staves
 + Level 0.8 Slings
 + Level 4.5 Bows
 + Level 0.8 Crossbows
 + Level 0.8 Throwing
 + Level 0.8 Armour
 + Level 4.5 Dodging
 + Level 0.8 Stealth
 + Level 0.8 Shields
 + Level 0.8 Unarmed Combat
 + Level 2.8 Spellcasting
 + Level 0.5 Conjurations
 + Level 5.4 Hexes
 + Level 0.5 Summonings
 + Level 0.5 Necromancy
 + Level 0.5 Translocations
 + Level 0.5 Transmutations
 + Level 0.5 Fire Magic
 + Level 0.5 Ice Magic
 + Level 0.5 Air Magic
 + Level 0.5 Earth Magic
 + Level 0.5 Poison Magic
 + Level 1.0 Invocations
 + Level 0.8 Evocations


You had 6 spell levels left.
You knew the following spells:

 Your Spells              Type           Power        Failure   Level
a - Corona                Hex            ###....      2%          1

Your spell library contained the following spells:

 Spells                   Type           Power        Failure   Level
 Slow                     Hex            ###.....     3%          2
 Inner Flame              Hex/Fire       ##......     19%         3
 Portal Projectile        Hex/Tloc       ##....       19%         3
 Cause Fear               Hex            ###.......   22%         4
 Leda's Liquefaction      Hex/Erth       ##........   52%         4


Dungeon Overview and Level Annotations

Branches:
Dungeon (2/15)

Altars:


Innate Abilities, Weirdness & Mutations

Your experience applies equally to all skills.
You have very sharp teeth.
Your uncanny sense of smell can sniff out nearby items.


Message History

* * * LOW HITPOINT WARNING * * *
The giant cockroach completely misses you.
You hit the gnoll.
The gnoll looks as sick as possible!
The gnoll is severely wounded.
You kill the gnoll!
The bat closely misses you. The gnoll barely misses you.
The giant cockroach completely misses you.
Your Invocations skill increases to level 1!
You barely miss the bat. You bite the bat.
The bat is moderately wounded.
The bat closely misses you. x2; The giant cockroach closely misses you.
You hit the bat.
You kill the bat!
The gnoll misses you.
You hit the giant cockroach.
The giant cockroach is poisoned.
The giant cockroach is heavily wounded.
You kill the giant cockroach!
An adder comes into view.
The gnoll hits you from afar with a cursed +0 spear!
You die...

.. ∆ ... ∆ ....
# ....## .##.?
......#####.....
[.?.#...<.......
..........####..
.....#†........
.#....†@.......
#...#)#...#$.#
#.?gg.#...#.##
....#..#......
.S. #.......#.#
.#. #.. ....# #
... ....# #..
...##


You could see 2 gnolls and an adder.

Vanquished Creatures
  A gnoll (D:2)
  2 dart slugs (D:1)
  2 giant cockroaches
  5 goblins (D:1)
  A hobgoblin (D:1)
  4 jackals (D:1)
  5 bats
  A frilled lizard (D:1)
  2 kobolds
  6 rats (D:1)
29 creatures vanquished.

Notes
Turn   | Place    | Note
-------+----------+-------------------------------------------
     0 | D:1      | kreisler the Gnoll Arcane Marksman began the quest for the
                  | Orb.
     0 | D:1      | Reached XP level 1. HP: 17/17 MP: 4/4
    38 | D:1      | Reached XP level 2. HP: 14/23 MP: 5/5
   410 | D:1      | Reached XP level 3. HP: 24/28 MP: 7/7
   738 | D:2      | Reached skill level 1 in Invocations
   740 | D:2      | Slain by a gnoll

Illustrated notes

Levels and vault maps discovered:
D:1:      lightli_arrival_farm, layout_rooms, minivault_11
D:2:      layout_rooms, fedhas_altar_2, minmay_misc_feat_columns

Skill      XL: |  1  2  3 |
---------------+----------+-----
Invocations    | 1 |  1.0
Fighting       | |  2.6
Short Blades   | |  0.8
Long Blades    | |  0.8
Axes           | |  0.8
Maces & Flails | |  0.8
Polearms       | |  0.8
Staves         | |  0.8
Slings         | |  0.8
Bows           | |  4.5
Crossbows      | |  0.8
Throwing       | |  0.8
Armour         | |  0.8
Dodging        | |  4.5
Stealth        | |  0.8
Shields        | |  0.8
Unarmed Combat | |  0.8
Spellcasting   | |  2.8
Conjurations   | |  0.5
Hexes          | |  5.4
Summonings     | |  0.5
Necromancy     | |  0.5
Translocations | |  0.5
Transmutations | |  0.5
Fire Magic     | |  0.5
Ice Magic      | |  0.5
Air Magic      | |  0.5
Earth Magic    | |  0.5
Poison Magic   | |  0.5
Evocations     | |  0.8

Action                   || total
-------------------------++-------
Melee: Dagger            ||    16
       Bite              ||     3
 Fire: Shortbow          ||    60
  Use: Potion            ||     4
       Scroll            ||     3
Armor: Robe              ||     6
Dodge: Dodged            ||    36

Table legend: (Time is in decaauts)
 A = Elapsed time spent in this place.
 B = Non-inter-level travel time spent in this place.
 C = Inter-level travel time spent in this place.
 D = Time resting spent in this place.
 E = Time spent auto-exploring this place.
 F = Levels seen in this place.
 G = Mean time per level.
                   A        B        C        D        E       F      G
               +--------+--------+--------+--------+--------+-----+--------+
         Total |    749 |    747 |      2 |      0 |    529 |   2 |  374.5 |
       Dungeon |    749 |    747 |      2 |      0 |    529 |   2 |  374.5 |
               +--------+--------+--------+--------+--------+-----+--------+

Top non-repeatable levels by time:
     D:1: 737 daAuts
     D:2: 12 daAuts
